woodfighter, chaotic female human Rogue ------ #-@).)| ------ ----- ###|.)))| #-.....## - -- |...| # |.)))| ----- ###|....|## -.....| #-...-#### |.)))| |...| # |....|# ...| #|...| |.@m)| |...| ### |)...|# | #|.(.| ------ |...| ############## # ------# #|...| |...-### ----------# ############## + #|>..-# |...|### |...*....|# ## ##### #-----# |...|#### |........+##### # # # ---.-# # |...|....|# # ### # # ### ##-........|### # # ### -------- |......>.-############################## ### # |......| ---------- --.-|---############.......| |......|# # |......| |.......# ##.......| |.....<| -------- -------- woodfighter the Cutpurse Experience level: 3 Strength: 13 Dexterity: 16 Constitution: 15 Intelligence: 13 Wisdom: 9 Charisma: 9 Health: 0(23) Energy: 11(11) Def: 3 Gold: 0 Moves: 1547 Dungeon seed: AEGjYgrzM4s4LPep Game ID: woodfighter_1556820121 Your Inventory: Amulets E - a cursed amulet versus poison Weapons a - a +0 short sword (weapon in hand) b - 14 +0 daggers (in quiver) Armor e - an uncursed +1 leather armor (being worn) n - an uncursed +0 oilskin cloak q - an uncursed +0 orcish helm Y - a cursed -1 helm of opposite alignment Comestibles u - an uncursed sprig of wolfsbane w - an uncursed tripe ration C - an uncursed lichen corpse Scrolls k - an uncursed scroll of earth m - an uncursed scroll of remove curse o - an uncursed scroll of scare monster Potions c - an uncursed potion of sickness i - an uncursed potion of speed j - an uncursed potion of restore ability t - a blessed potion of levitation x - an uncursed potion of paralysis z - an uncursed potion of extra healing D - an uncursed potion of gain energy Rings A - a cursed -1 ring of adornment Wands h - a wand of opening (0:3) Tools s - an uncursed sack y - an uncursed lock pick W - an uncursed blindfold Gems r - an uncursed agate N - 2 uncursed worthless pieces of blue glass Spells and supernatural/magical abilities: Name Level Category Fail Memory W - pray for help -- divine ? -- Your skills at the end: Miscellaneous Skills wands [Basic] Weapon Skills dagger [Basic] short sword [Basic] Spellcasting Skills Final Attributes: You were piously aligned. You were somewhat stealthy. You are dead. Vanquished creatures: an iguana a wererat a hobbit 4 geckos 4 jackals a kobold 3 newts 2 goblins 3 sewer rats 8 grid bugs 4 lichens 32 creatures vanquished. Voluntary challenges: You did not adorn yourself with jewelry or accessories. You did not cause conflict. You were not invisible. You did not have reflection. You were not displaced. You were an atheist. You used a wielded weapon 43 times, starting on turn 233. You did not apply a unicorn horn. You did not use plumbed fixtures. You did not drink any magical draughts. You were illiterate. You never genocided any monsters. You never polymorphed an object. You never changed form. You used no wishes. You never split a pudding. You never wrote Elbereth's name. You never violated your personal moral code. Dungeon overview: The Dungeons of Doom: levels 1 to 5 Level 1 a long staircase Level 2 a fountain Level 3 Level 4 <- You were here a weapon shop stairs to The Gnomish Mines Level 5 The Gnomish Mines: Level 5 stairs to The Dungeons of Doom History has recorded: On T:1 you entered the Dungeons of Doom to retrieve the Amulet of Yendor! On T:238 you reached level 2 of The Dungeons of Doom. On T:431 you reached level 3 of The Dungeons of Doom. On T:773 you advanced to experience level 2. On T:806 you reached level 4 of The Dungeons of Doom. On T:1320 you advanced to experience level 3. On T:1331 you reached level 5 of The Dungeons of Doom. On T:1437 you reached level 1 of The Gnomish Mines. Score breakdown: Gold: 0 ( 0 points) Experience: 3 levels ( 200 points) Exploration: 5 levels ( 120 points) Discoveries: 16 items ( 800 points) Variety of kills: 11 monsters ( 550 points) Major goal: (nothing yet) ( 0 points) Survival: died (score multiplied by 3) Total score: 5010 Latest messages: You see here 6 throwing stars (42 zorkmids). You see here an etched helmet (67 zorkmids). "For you, most gracious lady; only 67 for this etched helmet." Y - an etched helmet (unpaid, 67 zorkmids). You see here 11 crude arrows (44 zorkmids). You see here 6 arrows (18 zorkmids). You see here a crude bow (80 zorkmids). You see here a long sword (20 zorkmids). You see here a crossbow (67 zorkmids). You see here 8 arrows (24 zorkmids). You see here a morning star (13 zorkmids). You see here a broad pick (67 zorkmids). You see here a crossbow (53 zorkmids). You see here a throwing spear (5 zorkmids). You see here a crossbow (53 zorkmids). Wait! That's a small mimic! You stab the small mimic. The small mimic claws you! You stab the small mimic. (2x) You stab the small mimic! You stab the small mimic. The small mimic claws you! You die... Vergt comes and takes all your possessions. The sack is empty. The sack is empty. Final status: Goodbye woodfighter the Rogue, killed by a small mimic... You died in The Dungeons of Doom on dungeon level 4 with 5010 points, and 0 pieces of gold, after 1547 moves. You were level 3 with a maximum of 23 hit points when you died.